 Dungeon Crawl Stone Soup version 0.28.0 (webtiles) character file.

Game seed: 2293043912419346975

73 Sanktem7 the Poker (level 4, -3/41 HPs)
             Began as a Minotaur Berserker on Feb 7, 2022.
             Was a Believer of Trog.
             Slain by an orc (5 damage)
             ... on level 3 of the Dungeon on Feb 8, 2022.
             The game lasted 00:03:13 (2057 turns).

Sanktem7 the Poker (Minotaur Berserker)             Turns: 2057, Time: 00:03:13

Health: -3/41      AC:  2    Str: 23    XL:     4   Next: 8%
Magic:  3/3        EV: 12    Int:  4    God:    Trog [**....]
Gold:   57         SH:  0    Dex: 10    Spells: 3/3 levels left

rFire   . . .      SeeInvis .   a - +0 spear
rCold   . . .      Faith    .   (no shield)
rNeg    . . .      Spirit   .   b - +0 animal skin
rPois   .          Reflect  .   (helmet restricted)
rElec   .          Harm     .   (no cloak)
rCorr   +          Rampage  .   (no gloves)
Will    .....                   (no boots)
Stlth   ..........              (no amulet)
HPRegen 0.13/turn               c - ring of resist corrosion
MPRegen 0.08/turn               (no ring)

@: silenced (expiring)
A: horns 2, retaliatory headbutt
a: Renounce Religion


You were on level 3 of the Dungeon.
You worshipped Trog.
Trog was pleased with you.
You visited 1 branch of the dungeon, and saw 3 of its levels.

You collected 57 gold pieces.

Inventory:

Hand Weapons
 a - a +0 spear (weapon)
Armour
 b - a +0 animal skin (worn)
Jewellery
 c - a ring of resist corrosion (left hand)
Wands
 f - a wand of acid (11)
Scrolls
 h - a scroll of identify {unknown}
 i - a scroll of teleportation {unknown}
Potions
 d - a potion of flight {unknown}


   Skills:
 + Level 4.6 Fighting
 + Level 4.8 Polearms
 + Level 2.7 Armour
 + Level 2.5 Dodging


You had 3 spell levels left.
You didn't know any spells.
Your spell library was empty.

Dungeon Overview and Level Annotations

Branches:
Dungeon (3/15)

Altars:

Annotations:
D:3 3 runed translucent doors


Innate Abilities, Weirdness & Mutations

You have a pair of horns on your head.
You reflexively headbutt those who attack you in melee.


Message History

The giant cockroach misses you.
An orc comes into view. It is wielding a +0 trident.
The orc wizard hits you but does no damage.
The orc hits you with a +0 short sword. The ball python barely misses you.
The ball python constricts you. The orc hits you with a +0 flail.
You barely miss the orc wizard.
The orc wizard is moderately wounded.
The giant cockroach bites you but does no damage.
The ball python bites you. The ball python constricts you.
The orc hits you with a +0 short sword.
You closely miss the orc wizard.
The orc wizard is moderately wounded.
The orc closely misses you. The giant cockroach barely misses you.
You furiously retaliate!
You headbutt the giant cockroach!
You kill the giant cockroach!
Trog accepts your kill. The ball python bites you.
The ball python constricts you. The orc wizard completely misses you.
You furiously retaliate!
You headbutt the orc wizard!
The ball python's grasp on you weakens, but your attempt to escape fails.
The bat hits you. The orc barely misses you. You furiously retaliate!
You headbutt the orc, but do no damage. The orc hits you with a +0 flail.
* * * LOW HITPOINT WARNING * * *
The orc misses you. You furiously retaliate!
You headbutt the orc. The ball python closely misses you.
The ball python constricts you.
The orc wizard hits you with a +0 dagger.
* * * LOW HITPOINT WARNING * * *
You escape the ball python's grasp.
The bat barely misses you. The orc hits you with a +0 flail.
* * * LOW HITPOINT WARNING * * *
The orc wizard closely misses you. The bat hits you.
* * * LOW HITPOINT WARNING * * *
An orc comes into view. It is wielding a +0 short sword.
There is a stone staircase leading up here.
You hit the bat.
You kill the bat!
Trog accepts your kill. The orc hits you with a +0 short sword.
You die...

#####+++#######
.............8#
..............###
.................
.................
........S........
.......oo........
.......o†@.......
........o........
.................
......o..........
.................
................$
...........(.....
...o.............


You could see an orc wizard, 5 orcs and a ball python.

Vanquished Creatures
  3 adders (D:2)
  A worm (D:2)
  A dart slug (D:1)
  4 ball pythons
  4 bats
  5 endoplasms
  A giant cockroach (D:3)
  5 hobgoblins
  2 kobolds (D:2)
  4 quokkas
  A frilled lizard (D:2)
  3 goblins (D:2)
  5 rats
39 creatures vanquished.

Notes
Turn   | Place    | Note
-------+----------+-------------------------------------------
     0 | D:1      | Sanktem7 the Minotaur Berserker began the quest for the
                  | Orb.
     0 | D:1      | Reached XP level 1. HP: 19/19 MP: 0/0
   172 | D:1      | Reached XP level 2. HP: 27/27 MP: 1/1
   389 | D:1      | Found a faded altar of an unknown god.
   783 | D:2      | Reached XP level 3. HP: 34/34 MP: 2/2
  1217 | D:2      | Reached ** piety under Trog
  1689 | D:2      | Reached XP level 4. HP: 33/41 MP: 3/3
  2045 | D:3      | Found a runed translucent gate.
  2045 | D:3      | Found a runed translucent gate.
  2045 | D:3      | Found a runed translucent gate.
  2056 | D:3      | HP: 2/41 [bat (1)]
  2057 | D:3      | Slain by an orc

Illustrated notes

Levels and vault maps discovered:
D:1:      dpeg_arrival_line_fractal, layout_rooms, ebering_ecumenical_altar_hall
D:2:      layout_loops_corners
D:3:      layout_basic, biasface_ghost_orc_armoury

Skill      XL: |  1  2 |
---------------+-------+-----
Polearms       | 4 |  4.8
Fighting       | 4 |  4.6
Armour         | |  2.7
Dodging        | |  2.5

Action                   |  1- 3 |  4- 6 || total
-------------------------+-------+-------++-------
Melee: Spear             |    77 |     9 ||    86
       Headbutt          |     6 |     2 ||     8
  Use: Scroll            |       |     2 ||     2
Armor: Animal skin       |     6 |     2 ||     8
Dodge: Dodged            |    35 |    16 ||    51
